 Dungeon Crawl Stone Soup version 0.30.0 (webtiles) character file.

Game seed: 136022566354452710

233530 PurpleRed the Vine Stalker Blade (level 19, -4/106 (109) HPs)
             Began as a Vine Stalker Fire Elementalist on May 8, 2023.
             Was the Champion of Trog.
             Slain by a merfolk
             ... wielding a +0 trident
             ... led by a merfolk javelineer
              (8 damage)
             ... on level 4 of the Shoals.
             The game lasted 02:15:19 (30118 turns).

PurpleRed the Vine Stalker Blade (VSFE)            Turns: 30118, Time: 02:15:20

HP:   -4/106 (109)  AC: 32    Str: 12    XL:     19   Next: 96%
MP:   0/27          EV: 19    Int: 15    God:    Trog [******]
Gold: 2405          SH:  8    Dex: 25    Spells: 24/27 levels left

rFire   + . .        m - +6 demon blade (venom)
rCold   + . .        h - +1 buckler {AC+3}
rNeg    . . .        R - +1 ring mail "Kuschu Labb" {rElec Will+ Dex+3}
rPois   +            o - +2 helmet
rElec   +            x - +1 cloak {rPois}
rCorr   .            Y - +1 pair of gloves
SInv    .            D - +3 pair of mountain boots {steadfast, rC+}
Will    +++++        p - amulet of the acrobat
Stlth   +            a - ring of the Tortoise {AC+8}
HPRegen 1.17/turn    X - ring "Xutodupn" {rElec rF+ Will++ Stlth-}
MPRegen 0.20/turn

%: acrobat, guardian spirit
@: studying Shields, lightly drained, very slow
A: fangs 3, regeneration 1, magic shield, antimagic bite, no potion heal 2
a: Renounce Religion, Berserk, Trog's Hand, Brothers in Arms


You were on level 4 of the Shoals.
You worshipped Trog.
Trog was exalted by your worship.
You visited 8 branches of the dungeon, and saw 32 of its levels.
You also visited: Bailey and Gauntlet.

You collected 4097 gold pieces.
You spent 1692 gold pieces at shops.

Inventory:

Hand Weapons
 m - a +6 demon blade of venom (weapon)
 t - a +1 antimagic triple sword
 T - a +4 heavy double sword
 Z - the +4 falchion "Dragonbane" {speed, rElec rPois Will+ SInv}
   (You took it off a deep elf pyromancer on level 3 of the Elven Halls)

   rElec:     It insulates you from electricity.
   rPois:     It protects you from poison.
   SInv:      It lets you see invisible.
   Will:      It increases your willpower.
Missiles
 y - 8 curare-tipped darts (quivered)
 V - 16 silver javelins
Armour
 b - a +1 cloak of willpower
 g - a +2 kite shield of fire resistance
 h - a +1 buckler of protection (worn)
 o - a +2 helmet (worn)
 v - the +2 chain mail of the Tundras {Str+3 Dex+3}
   (You took it off an orc warrior on level 13 of the Dungeon)

   Str:       It affects your strength (+3).
   Dex:       It affects your dexterity (+3).
 x - a +1 cloak of poison resistance (worn)
 D - the +3 pair of mountain boots (worn) {steadfast, rC+}
   (You found it on level 5 of the Lair of Beasts)

   Steadfast: It prevents involuntary movement, except for blinking,
   teleportation, or banishment.
   rC:        It protects you from cold.
 L - +3 storm dragon scales {Bai Suzhen}
 P - +0 acid dragon scales
 R - the +1 ring mail "Kuschu Labb" (worn) {rElec Will+ Dex+3}
   (You found it in a Gauntlet)

   Dex:       It affects your dexterity (+3).
   rElec:     It insulates you from electricity.
   Will:      It increases your willpower.
 Y - a +1 pair of gloves (worn)
Jewellery
 a - the ring of the Tortoise (left hand) {AC+8}
   (You took it off a minotaur in a Gauntlet)

   [ring of protection]

   AC:        It affects your AC (+8).
 c - the amulet "Suho" {Regen+ Str+6}
   (You found it on level 13 of the Dungeon)

   [amulet of regeneration]

   Str:       It affects your strength (+6).
   Regen:     It increases your rate of health regeneration.
 p - an amulet of the acrobat (around neck)
 q - a ring of flight
 u - the ring "Zijoc" {Fly rC+ rCorr}
   (You acquired it on level 12 of the Dungeon)

   [ring of protection from cold]

   rC:        It protects you from cold.
   Fly:       It grants you flight.
   rCorr:     It protects you from acid and corrosion.
 z - the ring of the Marlin {Fire *Slow Will+++ Dex-3 SInv}
   (You found it in a Gauntlet)

   [ring of fire]

   It enhances your fire magic.
   Dex:       It affects your dexterity (-3).
   rF:        It protects you from fire.
   rC:        It makes you vulnerable to cold.
   SInv:      It lets you see invisible.
   *Slow:     It may slow you when you take damage.
   Will:      It greatly increases your willpower.
 F - the ring "Ivvaczes" {Ice rElec rPois Int+4 Slay-4}
   (You found it on level 4 of the Lair of Beasts)

   [ring of ice]

   It enhances your ice magic.
   Int:       It affects your intelligence (+4).
   Slay:      It affects your accuracy & damage with ranged weapons and melee
   (-4).
   rF:        It makes you vulnerable to fire.
   rC:        It protects you from cold.
   rElec:     It insulates you from electricity.
   rPois:     It protects you from poison.
 W - a ring of resist corrosion
 X - the ring "Xutodupn" (right hand) {rElec rF+ Will++ Stlth-}
   (You found it on level 8 of the Dungeon)

   [ring of protection from fire]

   rF:        It protects you from fire.
   rElec:     It insulates you from electricity.
   Will:      It greatly increases your willpower.
   Stlth:     It makes you less stealthy.
Wands
 n - a wand of digging (9)
 w - a wand of acid (13)
 C - a wand of paralysis (3)
 O - a wand of iceblast (36)
Scrolls
 e - 3 scrolls of magic mapping
 i - 13 scrolls of teleportation
 l - 2 scrolls of fear
 r - 2 scrolls of fog
 A - 4 scrolls of blinking
 B - 2 scrolls of butterflies
 G - 8 scrolls of enchant weapon
 M - 2 scrolls of silence
 N - 4 scrolls of enchant armour
 U - 2 scrolls of immolation
Potions
 d - 4 potions of magic
 f - 6 potions of attraction
 j - 6 potions of mutation
 k - 6 potions of resistance
 s - 3 potions of berserk rage
 E - 6 potions of flight
 H - 11 potions of curing
 I - 2 potions of ambrosia
 J - 5 potions of might
 K - 3 potions of invisibility
 Q - 4 potions of cancellation
 S - 3 potions of haste


   Skills:
 + Level 16.1 Fighting
 - Level 22.0 Long Blades
 - Level 10.0 Armour
 - Level 12.0 Dodging
 - Level 2.4 Stealth
 + Level 7.8 Shields
 - Level 4.8 Spellcasting
 - Level 1.0 Conjurations
 - Level 3.0 Fire Magic


You had 24 spell levels left.
You knew the following spells:

 Your Spells              Type           Power      Damage    Failure   Level
a - Foxfire               Conj/Fire      36%        2x1d5     19%         1
b - Scorch                Fire           24%        2d6       19%         2

Your spell library contained the following spells:

 Spells                   Type           Power      Damage    Failure   Level
 Sandblast                Erth           6%         2d5       38%         1
 Passwall                 Tmut/Erth      2%         N/A       52%         2
 Inner Flame              Hex/Fire       8%         N/A       54%         3
 Volatile Blastmotes      Fire/Tloc      16%        2d11      54%         3
 Hailstorm                Conj/Ice       5%         3d4       69%         3
 Ozocubu's Armour         Ice            3%         N/A       77%         3
 Flame Wave               Conj/Fire      9%         2d6       87%         4
 Ice Form                 Ice/Tmut       3%         N/A       99%         4
 Leda's Liquefaction      Hex/Erth       1%         N/A       99%         4
 Petrify                  Tmut/Erth      3%         N/A       99%         4
 Lee's Rapid Deconstruct  Erth           1%         3d4*      100%        5
 Metabolic Englaciation   Hex/Ice        1%         N/A       100%        5
 Simulacrum               Ice/Necr       1%         N/A       100%        6
 Statue Form              Tmut/Erth      2%         N/A       100%        6
 Ozocubu's Refrigeration  Ice            1%         4d7       100%        7


Dungeon Overview and Level Annotations

Branches:
Dungeon (15/15)            Temple (1/1) D:6            Lair (5/5) D:11
 Shoals (4/4) Lair:3       Spider (1/4) Lair:3        Slime (0/5) Lair:5
    Orc (2/2) D:9             Elf (3/3) Orc:2        Vaults (0/5) D:13
 Depths (1/4) D:15         Bailey (visited)         Gauntlet (visited)

Altars:
Ashenzari
Cheibriados
Dithmenos
Elyvilon
Fedhas
Gozag
Hepliaklqana
Kikubaaqudgha
Makhleb
Nemelex Xobeh
Okawaru
Qazlal
Ru
Sif Muna
Trog
Uskayaw
Vehumet
Wu Jian
Xom
Yredelemnul
Zin
The Shining One
Jiyva

Shops:
D:8 *([(   Orc:1 =   Orc:2 ((*(   Elf:3 :   Shoals:3 ?

Portals:
Trove: D:15 (give horn of Geryon)

Annotations:
D:15 3 transporters
Shoals:3 3 runed translucent doors, alcopop's ghost, adept DjGl


Innate Abilities, Weirdness & Mutations

You have razor-sharp teeth.
Your natural rate of healing is unusually fast.
When hurt, damage is shared between your health and your magic reserves.
Your bite disrupts and absorbs the magic of your enemies.
Potions cannot restore your health.


Message History

The silver javelin misses you.
The merfolk throws a silver boomerang.
You block the silver boomerang.
The merfolk javelineer throws a silver javelin.
The silver javelin pierces through you!
A merfolk comes into view. It is wielding a +0 trident.
Things that are here:
a +2 spear of freezing; a javelin; a +0 leather armour The merfolk javelineer throws a silver javelin.
The silver javelin closely misses you.
The merfolk throws a silver boomerang.
The silver boomerang completely misses you.
A merfolk comes into view. It is wielding a +0 trident.
Found a leather armour.
You block the merfolk's attack. The merfolk completely misses you.
Your cyclops goes berserk!
Splash!
You fall into the shallow water.
Moving in this stuff is going to be slow.
The merfolk javelineer throws a silver javelin.
The silver javelin pierces through your cyclops!!
The silver javelin pierces through you but does no damage.
The merfolk hits you from afar with a +0 trident!
The merfolk throws a boomerang.
The boomerang hits you but does no damage.
You slash the merfolk!
The merfolk is lightly wounded.
The water nymph points at you and mumbles some strange words.
The water swirls and strikes you. The merfolk closely misses you.
The merfolk javelineer throws a silver javelin.
The silver javelin barely misses your cyclops.
The silver javelin misses you.
You slash the merfolk!
The merfolk looks as sick as possible!
You bite the merfolk, but do no damage.
The merfolk is heavily wounded.
The merfolk hits you from afar with a +0 trident!
* * * LOW HITPOINT WARNING * * *
The water nymph points at you and mumbles some strange words.
The water swirls and strikes you!!
* * * LOW HITPOINT WARNING * * *
The merfolk hits you with a +0 trident!
You die...

....~~~......
.[.~~~≈~~.P.P.
##.~~~≈~.P.... .
...)..~~.......# .#
.............P. ...#
#...~~.P[..P..### .....P
[.).~≈~~.....P.~# ...P..
....)~~~.....P~~##m..##[
....~)~....~~~cm@.mPP...
...)~~....~~~~~CmP......
........<.~~~~).........
............~...........
...............)........
......##.....~~~........
.....P...m...~~~........
....~P##.....~~P~.......
...##~.......P~P~~.....


You could see a merfolk javelineer, 3 merfolk, a faun, a water nymph (ally
target) and a friendly cyclops (summoned, berserk).

Vanquished Creatures
  Bai Suzhen (Shoals:4)
  Rupert (Lair:5)
  2 deep elf blademasters (Elf:3)
  A deep elf master archer (Elf:3)
  Polyphemus (Shoals:4)
  A frost giant (Depths:1)
  Aizul (D:15)
  3 deep elf sorcerers (Elf:3)
  8 deep elf elementalists (Elf:3)
  A broodmother (Spider:1)
  A stone giant (Depths:1)
  A dire elephant (Gauntlet)
  4 deep elf demonologists (Elf:3)
  5 deep elf annihilators
  A minotaur (Gauntlet)
  Snorg (Lair:5)
  An ettin (Orc:2)
  7 merfolk javelineers
  A fire dragon (D:15)
  4 deep elf death magi (Elf:3)
  6 merfolk impalers
  3 rakshasas (D:15)
  6 deep elf high priests (Elf:3)
  Erolcha (D:9)
  The ghost of HilariousDeathArtist the Fighter, a journeyman VSBe of Trog (D:13)
  4 hydras
  2 catoblepae
  Erica (D:8)
  5 ogre magi
  2 merfolk avatars
  18 two-headed ogres
  7 centaur warriors
  32 dancing weapons
  3 merfolk aquamancers
  7 satyrs
  6 death yaks (Lair:5)
  3 tengu warriors
  An alligator snapping turtle (Shoals:3)
  Urug (Lair:4)
  3 boulder beetles
  14 deep elf knights
  5 skeletal warriors (D:14)
  6 skysharks
  A glowing orange brain (D:15)
  A goliath frog (Lair:5)
  9 sea snakes
  A pharaoh ant (Spider:1)
  A wizard (D:14)
  16 deep elf archers
  A lindwurm (Lair:5)
  33 deep elf zephyrmancers
  35 deep elf pyromancers
  28 harpies
  A wolf spider (Spider:1)
  An oklob plant (Lair:4)
  3 orc knights (Bailey)
  15 ugly things
  10 manticores
  7 cyclopes
  28 fauns
  2 moths of wrath (Spider:1)
  5 elephants
  A manticore (shapeshifter) (Elf:3)
  9 merfolk sirens
  2 black mambas
  An ice statue (D:8)
  7 gargoyles
  4 orange demons (D:13)
  4 torpor snails
  Maurice (D:9)
  5 water nymphs
  16 cane toads
  15 rime drakes
  Maggie (D:7)
  An unseen horror (D:10)
  A freezing wraith (D:14)
  An efreet (D:12)
  2 tengu conjurers
  7 komodo dragons
  17 merfolk
  5 trolls
  4 tyrant leeches (Lair:5)
  4 polar bears
  7 meliai
  8 tarantellas (Spider:1)
  A hornet (D:9)
  5 wind drakes
  5 dream sheep
  11 snapping turtles
  22 blink frogs
  A dream sheep (shapeshifter) (Elf:1)
  3 air elementals
  A jumping spider (Spider:1)
  18 water elementals
  6 culicivoras (Spider:1)
  6 wyverns
  19 slime creatures
  3 shadows
  5 small abominations (Gauntlet)
  71 yaks
  2 large abominations (Gauntlet)
  3 wraiths
  3 fire elementals
  8 redbacks (Spider:1)
  2 basilisks
  14 steam dragons
  Grum (D:9)
  3 wargs
  7 vampire mosquitoes
  Menkaure (D:7)
  Edmund (D:4)
  9 water moccasins
  3 acid dragons
  Duvessa (D:6)
  A floating eye (shapeshifter) (D:15)
  4 sky beasts
  6 ice beasts (D:11)
  5 black bears
  21 orc warriors
  17 centaurs
  32 ogres
  17 wolves
  A phantom (D:5)
  4 earth elementals
  A kobold brigand (D:7)
  10 bullfrogs
  A gnoll sergeant (D:7)
  6 scorpions
  5 wights
  Dowan (D:5)
  4 howler monkeys
  4 electric eels
  4 crimson imps (D:7)
  A hound (D:4)
  10 orc priests
  A gnoll bouda (Orc:1)
  2 sleepcaps
  4 jellies
  2 iguanas (D:4)
  16 orc wizards
  Robin (D:2)
  7 adders
  9 gnolls
  A white imp (D:7)
  A worm (D:3)
  4 dart slugs
  75 orcs
  10 endoplasms
  5 giant cockroaches
  14 goblins
  9 hobgoblins
  4 quokkas
  7 ball pythons
  9 bats
  4 frilled lizards
  10 kobolds
  9 rats
  4 bushes (Lair:4)
1102 creatures vanquished.

Vanquished Creatures (collateral kills)
  2 tarantellas (Spider:1)
  2 jumping spiders (Spider:1)
  A culicivora (Spider:1)
5 creatures vanquished.

Vanquished Creatures (others)
  A deep elf knight (Elf:3)
  A bush (Lair:5)
  11 foxfires (D:1)
  40 fungi
  282 plants
335 creatures vanquished.

Grand Total: 1442 creatures vanquished

Notes
Turn   | Place    | Note
-------+----------+-------------------------------------------
     0 | D:1      | PurpleRed the Vine Stalker Fire Elementalist began the
                  | quest for the Orb.
     0 | D:1      | Reached XP level 1. HP: 9/9 MP: 4/4
    55 | D:1      | Found a large runed translucent door.
    55 | D:1      | Found a large runed translucent door.
   243 | D:1      | Reached skill level 1 in Long Blades
   243 | D:1      | Reached XP level 2. HP: 14/14 MP: 6/6
   543 | D:1      | Reached skill level 1 in Fighting
   742 | D:1      | Learned a level 2 spell: Scorch
   814 | D:2      | Found a faded altar of an unknown god.
   862 | D:2      | Reached XP level 3. HP: 17/18 MP: 7/7
   975 | D:2      | Reached skill level 2 in Long Blades
  1194 | D:2      | Gained mutation: Your natural rate of healing is unusually
                  | fast. [Vine Stalker growth]
  1194 | D:2      | Reached XP level 4. HP: 20/22 MP: 5/8
  1518 | D:2      | Noticed Robin
  1532 | D:2      | Killed Robin
  2328 | D:4      | Reached skill level 3 in Long Blades
  2328 | D:4      | Reached XP level 5. HP: 22/26 MP: 6/10
  2520 | D:4      | Noticed a black bear
  2602 | D:4      | Killed a black bear
  2603 | D:4      | Reached skill level 4 in Long Blades
  2603 | D:4      | Reached XP level 6. HP: 32/32 MP: 2/12
  2828 | D:4      | Noticed Edmund
  2866 | D:4      | Killed Edmund
  2867 | D:4      | Reached XP level 7. HP: 18/36 MP: 1/13
  3087 | D:5      | Entered Level 5 of the Dungeon
  3217 | D:5      | Reached skill level 5 in Long Blades
  3437 | D:5      | Found a glowing golden altar of the Shining One.
  3830 | D:6      | Noticed a steam dragon
  3838 | D:5      | Gained mutation: You have razor-sharp teeth. [Vine Stalker
                  | growth]
  3838 | D:5      | Reached XP level 8. HP: 42/42 MP: 6/15
  3964 | D:6      | Reached skill level 6 in Long Blades
  4049 | D:6      | Found a staircase to the Ecumenical Temple.
  4056 | Temple   | Entered the Ecumenical Temple
  4110 | Temple   | Became a worshipper of Trog the Wrathful
  4393 | D:6      | Noticed Duvessa
  4394 | D:6      | Noticed Dowan
  4422 | D:6      | Killed Duvessa
  4775 | D:5      | Reached * piety under Trog
  4818 | D:5      | Killed Dowan
  4819 | D:5      | Reached skill level 7 in Long Blades
  4859 | D:6      | Reached skill level 5 in Fighting
  5082 | D:7      | Reached XP level 9. HP: 22/47 MP: 9/17
  5117 | D:7      | Noticed Menkaure
  5169 | D:7      | Found a shimmering altar of Xom.
  5254 | D:7      | Reached skill level 8 in Long Blades
  5275 | D:7      | Killed Menkaure
  5372 | D:7      | Noticed a gargoyle
  5493 | D:7      | Noticed Maggie
  5530 | D:7      | Killed Maggie
  5538 | D:7      | Reached skill level 9 in Long Blades
  5607 | D:7      | Reached XP level 10. HP: 43/53 MP: 16/18
  5821 | D:7      | Killed a gargoyle
  5831 | D:7      | Noticed a gargoyle
  5846 | D:7      | Killed a gargoyle
  5915 | D:7      | Noticed a gargoyle
  5927 | D:7      | Killed a gargoyle
  5928 | D:7      | Reached skill level 10 in Long Blades
  5993 | D:7      | Noticed a gargoyle
  6008 | D:7      | Killed a gargoyle
  6305 | D:8      | Reached ** piety under Trog
  6313 | D:8      | Found Systageg's Antique Weapon Emporium.
  6417 | D:8      | Found Itwiux's Armour Boutique.
  6419 | D:8      | Noticed Erica
  6433 | D:8      | Killed Erica
  6482 | D:8      | Found Buzat's Weapon Emporium.
  6635 | D:8      | Noticed an ice statue
  6651 | D:8      | Identified the ring "Xutodupn" {rElec rF+ Will++ Stlth-}
  6659 | D:8      | Killed an ice statue
  6737 | D:8      | Reached skill level 11 in Long Blades
  6792 | D:8      | Found a blossoming altar of Fedhas.
  6838 | D:8      | Found Qalinluabb's Assorted Antiques.
  6841 | D:8      | Found a white marble altar of Elyvilon.
  6843 | D:8      | Found an ancient bone altar of Kikubaaqudgha.
  6845 | D:8      | Found a shadowy altar of Dithmenos.
  6869 | D:8      | Bought a pair of glowing gloves for 172 gold pieces
  6869 | D:8      | Bought a scroll of identify for 46 gold pieces
  6869 | D:8      | Bought a murky dark potion for 20 gold pieces
  7119 | D:9      | Noticed Grum
  7135 | D:9      | Killed Grum
  7136 | D:9      | Reached XP level 11. HP: 60/60 MP: 19/19
  7250 | D:9      | Noticed Erolcha
  7289 | D:9      | Killed Erolcha
  7337 | D:9      | Found a glowing silver altar of Zin.
  7366 | D:9      | Noticed Maurice
  7371 | D:9      | Killed Maurice
  7413 | D:9      | Found a staircase to the Orcish Mines.
  7730 | D:10     | Entered Level 10 of the Dungeon
  7796 | D:10     | Found a flagged portal.
  7805 | Bailey   | Entered a bailey
  7904 | Bailey   | Reached skill level 12 in Long Blades
  7968 | Bailey   | Noticed an orc knight
  8004 | Bailey   | Reached *** piety under Trog
  8014 | Bailey   | Killed an orc knight
  8136 | Bailey   | Noticed an orc knight
  8138 | Bailey   | Noticed an orc knight
  8252 | Bailey   | Killed an orc knight
  8343 | Bailey   | Killed an orc knight
  8389 | D:10     | Found a shimmering blue altar of Sif Muna.
  8398 | D:10     | Reached skill level 5 in Dodging
  8750 | D:10     | Identified the +1 robe "Neoggaokk" {Regen+ rCorr Int-2}
  8794 | D:10     | Noticed a two-headed ogre
  8806 | D:10     | Killed a two-headed ogre
  8807 | D:10     | Reached skill level 13 in Long Blades
  8807 | D:10     | Reached XP level 12. HP: 54/66 MP: 14/20
  9079 | D:11     | Found a staircase to the Lair.
  9094 | D:11     | Noticed a centaur warrior
  9108 | D:11     | Killed a centaur warrior
  9150 | D:11     | Reached **** piety under Trog
  9495 | D:11     | Noticed a boulder beetle
  9513 | D:11     | Killed a boulder beetle
 10375 | D:12     | Reached skill level 14 in Long Blades
 10408 | D:12     | Reached skill level 10 in Fighting
 10483 | D:12     | Identified a scroll of acquirement
 10588 | Lair:1   | Entered Level 1 of the Lair of Beasts
 10690 | Lair:1   | Noticed a catoblepas
 10709 | Lair:1   | Killed a catoblepas
 10814 | Lair:1   | Reached XP level 13. HP: 71/72 MP: 21/21
 11407 | Lair:2   | Reached ***** piety under Trog
 11577 | Lair:2   | Found an ancient bone altar of Kikubaaqudgha.
 12444 | Lair:3   | Found a staircase to the Shoals.
 12537 | Lair:3   | Reached skill level 15 in Long Blades
 12633 | Lair:3   | You fall into a shaft and drop 2 floors!
 12633 | Lair:5   | Entered Level 5 of the Lair of Beasts
 12707 | Lair:5   | Noticed Rupert
 12728 | Lair:5   | Killed Rupert
 13045 | Lair:5   | Reached skill level 16 in Long Blades
 13057 | Lair:5   | Reached XP level 14. HP: 42/79 MP: 20/22
 13176 | Lair:5   | Noticed Snorg
 13188 | Lair:5   | Found a viscous altar of Jiyva.
 13188 | Lair:5   | Found a staircase to the Slime Pits.
 13215 | Lair:5   | Killed Snorg
 13642 | Lair:5   | Identified the +1 cloak of Misanthropy {Will+}
 13741 | Lair:4   | Noticed Urug
 13754 | Lair:4   | Killed Urug
 13754 | Lair:4   | Received a gift from Trog
 13773 | Lair:4   | Identified the ring "Ivvaczes" {Ice rElec rPois Int+4
                  | Slay-4}
 13955 | Lair:3   | Reached skill level 17 in Long Blades
 13956 | Lair:3   | Reached skill level 1 in Armour
 14218 | Lair:3   | Found a hole to the Spider Nest.
 15002 | Lair:4   | Found a blossoming altar of Fedhas.
 15723 | Lair:5   | Received a gift from Trog
 15740 | Lair:5   | Reached XP level 15. HP: 85/85 MP: 23/23
 16030 | Lair:5   | Found the +3 pair of mountain boots {steadfast, rC+}
 16044 | Lair:5   | Identified the +1 chain mail of the Tangerine {Dex+3}
 16347 | Orc:1    | Entered Level 1 of the Orcish Mines
 16410 | Orc:1    | Found Hobron's Jewellery Boutique.
 16675 | Orc:2    | Entered Level 2 of the Orcish Mines
 16675 | Orc:2    | Found a staircase to the Elven Halls.
 17173 | Orc:2    | Reached ****** piety under Trog
 17195 | Orc:2    | Received a gift from Trog
 17248 | Orc:2    | Found Gera Cipp's General Store.
 17262 | Orc:2    | Found Tewkecvi's Weapon Shop.
 17262 | Orc:2    | Found Naexedam's Weapon Emporium.
 17262 | Orc:2    | Found Zuteb's Weapon Boutique.
 17273 | Orc:2    | Bought a +1 demon blade of venom for 375 gold pieces
 17413 | Orc:2    | Reached skill level 18 in Long Blades
 18005 | D:13     | Found a runed translucent gate.
 18006 | D:13     | Found a runed translucent gate.
 18007 | D:13     | Found a runed translucent gate.
 18009 | D:13     | Noticed HilariousDeathArtist's ghost (journeyman VSBe)
 18009 | D:13     | Identified the +2 chain mail of the Tundras {Str+3 Dex+3}
 18013 | D:13     | Found the +8 frozen axe "Frostbite" {freeze, freezing
                  | cloud, *Noise Fly rC+}
 18108 | D:13     | Killed HilariousDeathArtist's ghost
 18167 | D:13     | Identified the amulet "Suho" {Regen+ Str+6}
 18749 | D:13     | Received a gift from Trog
 18874 | D:13     | Found a gate to the Vaults.
 19104 | D:14     | Reached skill level 5 in Armour
 19134 | D:14     | Reached XP level 16. HP: 40/91 MP: 17/24
 19151 | D:14     | Found a gate leading to a gauntlet.
 19173 | Gauntlet | Entered a Gauntlet
 19173 | Gauntlet | Found a transporter.
 19192 | Gauntlet | Found a transporter.
 19208 | Gauntlet | Found a transporter.
 19212 | Gauntlet | Found a transporter.
 19222 | Gauntlet | Found a transporter.
 19242 | Gauntlet | Found a transporter.
 19246 | Gauntlet | Found a transporter.
 19249 | Gauntlet | Found a transporter.
 19276 | Gauntlet | Found a large runed translucent door.
 19276 | Gauntlet | Found a large runed translucent door.
 19277 | Gauntlet | Found a large runed translucent door.
 19278 | Gauntlet | Found a large runed translucent door.
 19279 | Gauntlet | Found a runed translucent gate.
 19280 | Gauntlet | Found a transporter.
 19280 | Gauntlet | Found a runed translucent gate.
 19281 | Gauntlet | Found a large runed translucent door.
 19281 | Gauntlet | Found a runed translucent gate.
 19282 | Gauntlet | Found a large runed translucent door.
 19282 | Gauntlet | Found a large runed translucent door.
 19283 | Gauntlet | Found a large runed translucent door.
 19284 | Gauntlet | Found a large runed translucent door.
 19293 | Gauntlet | Found a large runed translucent door.
 19293 | Gauntlet | Found a large runed translucent door.
 19293 | Gauntlet | Found a runed translucent door.
 19293 | Gauntlet | Found a runed translucent door.
 19294 | Gauntlet | Found a large runed translucent door.
 19295 | Gauntlet | Found a large runed translucent door.
 19297 | Gauntlet | Found a transporter.
 19301 | Gauntlet | Found a transporter.
 19304 | Gauntlet | Found a large runed translucent door.
 19304 | Gauntlet | Found a large runed translucent door.
 19309 | Gauntlet | Found a transporter.
 19333 | Gauntlet | Found a large runed translucent door.
 19489 | Gauntlet | Identified the ring of Siliehiq {rPois Str-4 Int+5}
 19490 | Gauntlet | Identified the +2 mace of Ijijel {heavy, rElec rN+ MP-9
                  | Str+5}
 19505 | Gauntlet | Identified the ring "Tepimnut" {rF+ Dex+2}
 19587 | Gauntlet | Identified the +1 ring mail "Kuschu Labb" {rElec Will+
                  | Dex+3}
 19609 | Gauntlet | Identified the ring of the Marlin {Fire *Slow Will+++ Dex-3
                  | SInv}
 20464 | D:15     | Entered Level 15 of the Dungeon
 20657 | D:15     | Reached skill level 10 in Dodging
 20817 | D:15     | Found a portal to a secret trove of treasure.
 20841 | D:15     | Found a transporter.
 20841 | D:15     | Found a transporter.
 20864 | D:15     | Found a transporter.
 20870 | D:15     | Found a transporter.
 21104 | D:15     | Reached skill level 19 in Long Blades
 21189 | D:15     | Found a staircase to the Depths.
 21674 | Depths:1 | Entered Level 1 of the Depths
 21674 | Depths:1 | Noticed Aizul
 21695 | D:15     | Killed Aizul
 21945 | Elf:1    | Entered Level 1 of the Elven Halls
 22082 | Elf:1    | Received a gift from Trog
 22274 | Elf:1    | Paralysed by an air elemental for 1 turns
 22345 | Elf:1    | Reached XP level 17. HP: 84/97 MP: 19/25
 22974 | Elf:1    | Identified the +1 scimitar "Vine Stalker's Foe" {heavy,
                  | rCorr Str+3 Int-3} (Trog gifted it to you on level 1 of the
                  | Elven Halls)
 22974 | Elf:1    | Received a gift from Trog
 23273 | Elf:2    | Paralysed by an air elemental for 1 turns
 23276 | Elf:2    | Paralysed by an air elemental for 1 turns
 23576 | Elf:2    | Reached skill level 20 in Long Blades
 23590 | Elf:2    | Found a runed translucent gate.
 23596 | Elf:2    | Found a runed translucent gate.
 23596 | Elf:2    | Found a runed translucent gate.
 23838 | Elf:2    | Received a gift from Trog
 24650 | Elf:3    | Entered Level 3 of the Elven Halls
 24687 | Elf:3    | Received a gift from Trog
 24693 | Elf:3    | Reached XP level 18. HP: 96/102 MP: 26/26
 24951 | Elf:3    | Reached skill level 1 in Shields
 25020 | Elf:3    | Found Panotouff's Book Shoppe.
 25229 | Elf:3    | Paralysed by an air elemental for 1 turns
 25257 | Elf:3    | Got the Meditations on the Lithosphere
 25700 | Elf:3    | Received a gift from Trog
 25715 | Elf:3    | Reached skill level 15 in Fighting
 25841 | Elf:3    | Identified the ring of the Rabble {rF- rCorr Str+4 SInv
                  | Stlth+}
 25842 | Elf:3    | Noticed a deep elf master archer
 25866 | Elf:3    | Killed a deep elf master archer
 25869 | Elf:3    | HP: 2/104 [deep elf high priest/a malign offering (7)]
 26007 | Elf:3    | Noticed a deep elf blademaster
 26019 | Elf:3    | Killed a deep elf blademaster
 26094 | Elf:3    | Identified the +11 whip of Prescription {freeze, Fragile
                  | rElec Str+5 Dex-3}
 26191 | Elf:3    | Noticed a deep elf blademaster
 26203 | Elf:3    | Killed a deep elf blademaster
 26321 | Elf:3    | Identified the +7 battleaxe "Kicoum" {flame, rC+ rCorr
                  | Str-2 Dex+4}
 26323 | Elf:3    | Identified the +4 falchion "Dragonbane" {speed, rElec rPois
                  | Will+ SInv}
 26377 | Elf:3    | Identified the +5 war axe of Vodka {spect, Dex+3}
 26420 | Elf:3    | Identified the +0 cloak of the Invisible Hand {Rampage
                  | Int+3}
 26463 | Elf:3    | Identified the +0 arbalest of the Hurling Gods {speed,
                  | Dex+5}
 26808 | Spider:1 | Entered Level 1 of the Spider Nest
 26914 | Spider:1 | Reached skill level 21 in Long Blades
 27199 | Shoals:1 | Entered Level 1 of the Shoals
 27287 | Shoals:1 | Received a gift from Trog
 27450 | Shoals:1 | Reached XP level 19. HP: 100/108 MP: 27/27
 28217 | Shoals:2 | Reached skill level 5 in Shields
 28436 | Shoals:2 | Received a gift from Trog
 28466 | Shoals:2 | Identified the +4 rapier of the Devouring Ass {heavy, rN+
                  | Str+3 Dex+3}
 28697 | Shoals:3 | Found a radiant altar of Vehumet.
 28884 | Shoals:3 | Found a runed translucent gate.
 28884 | Shoals:3 | Found a runed translucent gate.
 28884 | Shoals:3 | Found a runed translucent gate.
 28885 | Shoals:3 | Noticed alcopop's ghost (adept DjGl)
 28994 | Shoals:3 | Found Xijuic's Magic Scroll Shop.
 29032 | Shoals:3 | Acquired the ring "Zijoc" {Fly rC+ rCorr}
 29035 | Shoals:3 | Bought a scroll of magic mapping for 127 gold pieces
 29035 | Shoals:3 | Bought a scroll of fog for 68 gold pieces
 29035 | Shoals:3 | Bought a scroll of acquirement for 884 gold pieces
 29035 | Shoals:3 | Acquired a manual of Shields
 29728 | Shoals:4 | Entered Level 4 of the Shoals
 29751 | Shoals:4 | Received a gift from Trog
 29821 | Shoals:4 | Noticed Bai Suzhen
 29924 | Shoals:4 | Killed Bai Suzhen
 29925 | Shoals:4 | Reached skill level 10 in Armour
 29957 | Shoals:4 | Reached skill level 22 in Long Blades
 30053 | Shoals:4 | Noticed Polyphemus
 30068 | Shoals:4 | Killed Polyphemus
 30089 | Shoals:4 | Identified the +9 spear "Hahimpal" {drain, rElec rPois
                  | Str+2}
 30089 | Shoals:4 | Identified the +2 leather armour of Gehenna {Harm Rampage}
 30118 | Shoals:4 | HP: 4/106 [water nymph/the raging water (25)]
 30118 | Shoals:4 | Slain by a merfolk

Illustrated notes

Levels and vault maps discovered:
D:1:      erik_arrival_cave_to_civilisation [erik_arrival_cave_to_temple],
          layout_basic
D:2:      layout_basic, shapermc_ecumenical_altar_ellora, uniq_robin
D:3:      layout_loops_ring
D:4:      layout_rooms, corexii_item_surrounded_by_moat, uniq_edmund
D:5:      layout_gridville, mainiacjoe_overflow_cross_hatched
D:6:      layout_rooms, minmay_temple_entry_nine_rooms, dk_noncrumbling_2,
          uniq_duvessa
D:7:      cheibrodos_statue_roulette, layout_basic, led_xom_imps,
          hangedman_misty_isle, uniq_maggie, uniq_menkaure
D:8:      minmay_statue_hallways, layout_basic, grunt_temple_overflow_open,
          mainiacjoe_overflow_small_starburst, serial_shops,
          nicolae_diamond_shop, nicolae_shop_window_shopping,
          nicolae_shop_tiny_glass, shop, serial_aquarium,
          aquarium_bridge_island_small [aquarium_subvault_small_water,
          aquarium_subvault_wall, aquarium_subvault_bridge,
          aquarium_subvault_bridge, aquarium_subvault_bridge],
          aquarium_bridge_square [aquarium_subvault_bridge,
          aquarium_subvault_wall, aquarium_subvault_bridge,
          aquarium_subvault_bridge], aquarium_window_1, aquarium_window_fake,
          aquarium_window_fake, aquarium_view_2d, aquarium_view_2b,
          aquarium_balcony_3b, aquarium_pool_1, uniq_erica
D:9:      layout_rooms, marbit_many_paths, orc_0_dummy, uniq_grum, uniq_erolcha,
          uniq_maurice
D:10:     layout_big_octagon, nicolae_sif_muna_condensation, enter_bailey_2
D:11:     layout_gridville, hellmonk_lair_entry_icy, serial_glass,
          glass_columns_c, glass_columns_a, glass_columns_c, glass_columns_a
D:12:     layout_loops_ring, minmay_bent
D:13:     minmay_polygon_palace, layout_basic, erik_vaults_1,
          biasface_ghost_orc_armoury, einodemon_barbed_minivault
D:14:     layout_stronghold, gauntlet_entry_generic
D:15:     gammafunk_enter_depths_forms, layout_loops_ring,
          grunt_decor_resistance, nicolae_trove_entry_free_sample,
          nicolae_diode_quadrants
Temple:   nicolae_temple_two_arcs
Lair:1:   layout_hall_layers, serial_bayou_shore_a, grunt_megastairs_1
Lair:2:   layout_long_grid, basic_altar, gammafunk_lair_bear_cave,
          grunt_megastairs_4
Lair:3:   layout_chaotic_city, minmay_shoals_entry_lonely_mermaid,
          spider_nest_entry_webs, bobbens_dragon_lair_wall
Lair:4:   layout_roguey, tgw_fedhas, serial_bayou_shore_b, uniq_urug
Lair:5:   minmay_lair_end_frog_pond, layout_small_grid,
          minmay_slime_entry_pillars, chequers_serial_rivers_micro_e,
          uniq_snorg, uniq_rupert
Shoals:1: cheibrodos_shoals_satyrical_garden, layout_shoals
Shoals:2: layout_shoals, nicolae_shoals_nautilus_by_nature
Shoals:3: layout_shoals, gammafunk_ghost_necromancy, serial_shops, shop_statue,
          lemuel_altar_in_water, nicolae_shoals_mertower
Shoals:4: shoals_end_grunt_garden, layout_shoals, uniq_polyphemus,
          uniq_bai_suzhen
Spider:1: layout_spider_delve, uniq_agnes
Orc:1:    layout_caves, serial_shops, nicolae_shop_crystal
Orc:2:    st_orc_ogre_mass, layout_caves, basic_altar
Elf:1:    nicolae_elf_arrival_fired_up, layout_loops_corners, evilmike_minifort
Elf:2:    nicolae_elf_blades_crystal_corner, layout_loops_ring, st_stairs_4
Elf:3:    minmay_elf_hall_curves, layout_geoelf_castle, serial_shops, shop,
          st_stairs_11, nicolae_elf_elemental_lessons
Depths:1: layout_cave_pools, grunt_mini_vestibule,
          gammafunk_ghost_abyssal_escape, chequers_serial_rivers_large_b,
          lemuel_flame_loot_1, uniq_aizul

Skill      XL: |  1  2  3  4  5  6  7  8  9 10 11 12 13 14 15 16 17 18 19 |
---------------+----------------------------------------------------------+-----
Long Blades    | 1 2 3 4 5 7 9 11 13 14 16 17 18 19 20 21 22 | 22.0
Fighting       | 1 2 3 5 6 7 9 10 11 12 13 14 15 16 | 16.1
Spellcasting   | 3 4 |  4.8
Dodging        | 2 3 4 5 7 8 9 10 11 12 | 12.0
Armour         | 2 5 6 8 9 10 | 10.0
Shields        | 4 7 |  7.8
Stealth        | |  2.4
Conjurations   | |  1.0
Fire Magic     | |  3.0

Action                     |  1- 3 |  4- 6 |  7- 9 | 10-12 | 13-15 | 16-18 | 19-21 || total
---------------------------+-------+-------+-------+-------+-------+-------+-------++-------
  Melee: Unarmed           |     6 |       |       |       |       |       |       ||     6
         Short sword       |    67 |   112 |   348 |       |       |       |       ||   527
         Bite              |    16 |    32 |   131 |   217 |   443 |   564 |   323 ||  1726
         Punch             |     1 |       |     3 |     7 |    13 |     6 |       ||    30
         Long sword        |       |       |     3 |   553 |   486 |       |       ||  1042
         Dagger            |       |       |       |     1 |       |       |       ||     1
         Scimitar          |       |       |       |       |    20 |     3 |       ||    23
         Double sword      |       |       |       |       |   321 |       |       ||   321
         Demon blade       |       |       |       |       |   227 |  1356 |   613 ||  2196
  Throw: Dart              |       |     4 |     5 |    13 |       |       |       ||    22
   Cast: Foxfire           |     8 |       |       |       |       |       |       ||     8
         Scorch            |     2 |    17 |    20 |       |       |       |       ||    39
 Invoke: Berserk           |       |       |     2 |    11 |     6 |     7 |     1 ||    27
         Trog's Hand       |       |       |       |       |     1 |       |       ||     1
         Brothers in Arms  |       |       |       |       |       |     1 |     2 ||     3
  Evoke: Wand              |       |       |       |       |     5 |     4 |       ||     9
    Use: Scroll            |       |     1 |     8 |    14 |    14 |     5 |     3 ||    45
         Potion            |       |       |       |       |       |     8 |       ||     8
   Stab: Sleeping          |     6 |     8 |     2 |     5 |     6 |     1 |       ||    28
         Distracted        |       |     1 |       |     3 |     2 |       |     1 ||     7
         Petrified         |       |       |       |     3 |       |       |       ||     3
 Armour: Robe              |     7 |     9 |    11 |       |       |       |       ||    27
         Ring mail         |       |       |    25 |       |       |   479 |   254 ||   758
         Acid dragon scale |       |       |     2 |    70 |   168 |    12 |       ||   252
  Dodge: Dodged            |    55 |    73 |   183 |   471 |   752 |   914 |   563 ||  3011
  Block: Buckler           |       |       |       |       |       |   212 |   223 ||   435
